[Event "MGL-ch Men 2018"]
[Site "Archangai-Aimag"]
[Date "2018.05.25"]
[Round "7"]
[White "Battulga, Namkhai"]
[Black "Erdene, Ganzorig"]
[Result "1-0"]
[ECO "B10"]
[WhiteElo "2404"]
[BlackElo "2299"]
[Annotator "ChessBase"]
[PlyCount "20"]
[EventType "tourn"]
[EventCountry "MGL"]
[SourceTitle "playchess.com"]
[Source "ChessBase"]
[SourceQuality "1"]
[TimeControl "40/5400+30:1800+30"]

1. e4 c6 2. c4 d5 3. exd5 cxd5 4. cxd5 Nf6 5. Qa4+ Nbd7 6. Nc3 g6 7. Nf3 Bg7 8. Bc4 a6 9. d3 O-O 10. Qa3 b6 1-0

[Event "MGL-ch Men 2018"]
[Site "Archangai-Aimag"]
[Date "2018.05.25"]
[Round "7"]
[White "Galmandakh, Badrakh"]
[Black "Bayarkhuu, Khurelchuluun"]
[Result "0-1"]
[ECO "D02"]
[WhiteElo "2227"]
[BlackElo "2038"]
[Annotator "ChessBase"]
[PlyCount "120"]
[EventType "tourn"]
[EventCountry "MGL"]
[SourceTitle "playchess.com"]
[Source "ChessBase"]
[SourceQuality "1"]
[TimeControl "40/5400+30:1800+30"]

1. d4 Nf6 2. Nf3 e6 3. Bf4 c5 4. e3 Nc6 5. Nbd2 d5 6. c3 Qb6 7. Qc2 Nh5 8. Bg3 Nxg3 9. hxg3 h6 10. Be2 Bd7 11. O-O Rc8 12. Qb3 Bd6 13. Rfe1 O-O 14. Rac1 Rfd8 15. dxc5 Bxc5 16. Qxb6 Bxb6 17. Nb3 Ne7 18. Nbd4 a6 19. Red1 Ng6 20. Rd2 Ba4 21. Bd1 Bxd1 22. Rcxd1 Rc4 23. Ne2 Rdc8 24. Nf4 Ne7 25. Ne2 Nf5 26. Ned4 Nd6 27. Kf1 Ra4 28. a3 Rac4 29. Ke2 Ne4 30. Rc2 R4c7 31. Rdc1 Ba7 32. g4 g6 33. Ne5 Kg7 34. f3 Nd6 35. Nd3 e5 36. Nxe5 Re7 37. Nd3 Nc4 38. Kf2 Nxe3 39. Rd2 Nc4 40. Re2 Rxe2+ 41. Kxe2 Nxb2 42. Nxb2 Bxd4 43. Kd3 Bf6 44. Nd1 b5 45. Rb1 Rc4 46. Rb3 d4 47. Rb4 dxc3 48. Rxc4 bxc4+ 49. Kc2 Bd4 50. Nxc3 Kf6 51. Nd5+ Ke5 52. Nb4 a5 53. Nc6+ Kd5 54. Nd8 f5 55. gxf5 gxf5 56. a4 h5 57. Nf7 Bf6 58. Nh6 Ke6 59. g4 fxg4 60. fxg4 Bg5 0-1

[Event "MGL-ch Men 2018"]
[Site "Archangai-Aimag"]
[Date "2018.05.25"]
[Round "7"]
[White "Bayarmandakh, Balgan"]
[Black "Baasansuren, Erdene"]
[Result "1-0"]
[ECO "A58"]
[WhiteElo "2211"]
[BlackElo "2244"]
[Annotator "ChessBase"]
[PlyCount "87"]
[EventType "tourn"]
[EventCountry "MGL"]
[SourceTitle "playchess.com"]
[Source "ChessBase"]
[SourceQuality "1"]
[TimeControl "40/5400+30:1800+30"]

1. d4 Nf6 2. c4 g6 3. g3 Bg7 4. Bg2 O-O 5. e4 c5 6. d5 d6 7. Ne2 b5 8. cxb5 a6 9. bxa6 Bxa6 10. O-O Nbd7 11. Qc2 Ne5 12. Rd1 Qb6 13. Nbc3 Rfb8 14. Rb1 Qa5 15. h3 Nfd7 16. Nf4 Nc4 17. Nfe2 Rb7 18. a4 Qb4 19. b3 Na3 20. Bxa3 Qxa3 21. Bf1 Rab8 22. Nc1 Bxf1 23. Rxf1 Bxc3 24. Qxc3 Qb4 25. Qe3 c4 26. Rd1 Qa3 27. Rd4 cxb3 28. Kg2 Nc5 29. e5 dxe5 30. Rc4 Nxa4 31. Qh6 e6 32. Rh4 f6 33. Rxb3 Rxb3 34. Qxh7+ Kf8 35. Nxb3 Qxb3 36. Qd7 Kg8 37. Qxe6+ Kg7 38. Qd7+ Kg8 39. Rh7 Rb7 40. Qxb7 Qxb7 41. Rxb7 Kf8 42. h4 Nc3 43. d6 Ne4 44. Rb8+ 1-0

[Event "MGL-ch Men 2018"]
[Site "Archangai-Aimag"]
[Date "2018.05.28"]
[Round "11"]
[White "Gunbayar, Myagmarsuren"]
[Black "Enkhnar, Enkhbaatar"]
[Result "1/2-1/2"]
[ECO "A30"]
[WhiteElo "2265"]
[BlackElo "2401"]
[Annotator "NA"]
[PlyCount "146"]
[EventType "tourn"]
[EventCountry "MGL"]
[SourceTitle "playchess.com"]
[Source "ChessBase"]
[SourceQuality "1"]
[TimeControl "40/5400+30:1800+30"]

1. Nf3 Nf6 2. g3 b6 3. Bg2 Bb7 4. O-O c5 5. c4 g6 6. e3 Bg7 7. d4 O-O 8. Nc3 Ne4 9. Qc2 Nxc3 10. bxc3 d6 11. e4 Nc6 12. d5 Na5 13. Nd2 Ba6 14. Qd3 Qd7 15. a4 e6 16. Rd1 exd5 17. exd5 Rae8 18. Bf1 Re7 19. Bb2 Rfe8 20. Qb1 h5 21. Qa2 Qf5 22. Qb1 Qd7 23. Qc2 Bh6 24. Nb3 Nxc4 25. Bc1 Bxc1 26. Qxc1 Qc8 27. a5 Ne5 28. Bxa6 Qxa6 29. axb6 Qxb6 30. Na5 c4 31. Qf4 Nd3 32. Qd4 Qxd4 33. cxd4 Re2 34. Nxc4 Nxf2 35. Rd2 Rxd2 36. Nxd2 Ne4 37. Nxe4 Rxe4 38. Ra6 Rxd4 39. Rxd6 Kg7 40. Kg2 Rd2+ 41. Kg1 a5 42. Rd8 Kf6 43. d6 Rd5 44. Ra8 Ke6 45. Ra6 Rd1+ 46. Kg2 Rd2+ 47. Kg1 Ra2 48. h3 a4 49. Kh1 a3 50. Kg1 f5 51. h4 Kd7 52. Kh1 Ke6 53. Kg1 Kf6 54. d7+ Ke7 55. Ra7 Rd2 56. Rxa3 Rxd7 57. Kf2 Rd6 58. Kf3 Kf6 59. Rb3 g5 60. hxg5+ Kxg5 61. Rb8 Rd3+ 62. Kg2 Rd6 63. Rg8+ Rg6 64. Ra8 h4 65. gxh4+ Kxh4+ 66. Kf3 Kg5 67. Rb8 Ra6 68. Rg8+ Kf6 69. Rf8+ Ke6 70. Re8+ Kf7 71. Rb8 Ra1 72. Rb6 Ra4 73. Rc6 Rb4 1/2-1/2

[Event "MGL-ch Men 2018"]
[Site "Archangai-Aimag"]
[Date "2018.05.28"]
[Round "11"]
[White "Galmandakh, Badrakh"]
[Black "Battulga, Namkhai"]
[Result "0-1"]
[ECO "D43"]
[WhiteElo "2227"]
[BlackElo "2404"]
[Annotator "NA"]
[PlyCount "82"]
[EventType "tourn"]
[EventCountry "MGL"]
[SourceTitle "playchess.com"]
[Source "ChessBase"]
[SourceQuality "1"]
[TimeControl "40/5400+30:1800+30"]

1. d4 Nf6 2. Nf3 e6 3. c4 d5 4. Bg5 h6 5. Bxf6 Qxf6 6. Nc3 c6 7. e3 Nd7 8. Rc1 g6 9. Bd3 Bg7 10. cxd5 exd5 11. O-O Qe7 12. Rb1 a5 13. a3 O-O 14. b4 axb4 15. axb4 b5 16. e4 dxe4 17. Nxe4 Nb6 18. Qc2 Ra3 19. Rfe1 Nd5 20. Nc3 Rxc3 21. Qxc3 Nxc3 22. Rxe7 Nxb1 23. Bxb1 Be6 24. Be4 Rc8 25. Ra7 Rd8 26. Bxc6 Bxd4 27. Rb7 Bc5 28. h4 Rd1+ 29. Kh2 Bxf2 30. Rxb5 f5 31. Re5 Bc4 32. h5 g5 33. Re8+ Kg7 34. Re7+ Kf6 35. Rd7 Rc1 36. Rd6+ Ke7 37. Rd7+ Ke6 38. Nd4+ Ke5 39. Nf3+ Kf4 40. g3+ Bxg3+ 41. Kg2 Bf1+ 0-1

[Event "MGL-ch Men 2018"]
[Site "Archangai-Aimag"]
[Date "2018.05.28"]
[Round "11"]
[White "Bayarmandakh, Balgan"]
[Black "Erdene, Ganzorig"]
[Result "1/2-1/2"]
[ECO "D40"]
[WhiteElo "2211"]
[BlackElo "2299"]
[Annotator "NA"]
[PlyCount "64"]
[EventType "tourn"]
[EventCountry "MGL"]
[SourceTitle "playchess.com"]
[Source "ChessBase"]
[SourceQuality "1"]
[TimeControl "40/5400+30:1800+30"]

1. d4 d5 2. c4 e6 3. Nc3 c5 4. e3 Nc6 5. Nf3 Nf6 6. Be2 dxc4 7. Bxc4 cxd4 8. exd4 Be7 9. O-O O-O 10. h3 a6 11. a4 Qa5 12. Qe2 Rd8 13. Rd1 Qh5 14. Bf4 Nd5 15. Bg3 h6 16. Rac1 Bd7 17. Bb3 Bg5 18. Ra1 Na5 19. Bc2 Rac8 20. Nxd5 exd5 21. Qd3 g6 22. Bb1 Bf5 23. Qf1 Bc2 24. Bxc2 Rxc2 25. Bc7 Qxf3 26. Bxa5 Qf5 27. Bxd8 Bxd8 28. Ra3 Rxb2 29. Rf3 Qd7 30. Rb1 Rxb1 31. Qxb1 Kg7 32. Qb3 Bf6 1/2-1/2

[Event "MGL-ch Men 2018"]
[Site "Archangai-Aimag"]
[Date "2018.05.28"]
[Round "11"]
[White "Amartuvshin, Ganzorig"]
[Black "Bayarkhuu, Khurelchuluun"]
[Result "0-1"]
[ECO "E32"]
[WhiteElo "2146"]
[BlackElo "2038"]
[Annotator "NA"]
[PlyCount "92"]
[EventType "tourn"]
[EventCountry "MGL"]
[SourceTitle "playchess.com"]
[Source "ChessBase"]
[SourceQuality "1"]
[TimeControl "40/5400+30:1800+30"]

1. d4 Nf6 2. c4 e6 3. Nc3 Bb4 4. Nf3 d6 5. Qc2 Nbd7 6. Bd2 c5 7. e3 b6 8. Nb5 Bxd2+ 9. Nxd2 Ke7 10. Ne4 Nxe4 11. Qxe4 Ba6 12. Qh4+ Nf6 13. Be2 Bxb5 14. cxb5 cxd4 15. Qxd4 Rc8 16. O-O Qc7 17. Bf3 d5 18. Qa4 Rhd8 19. Qa3+ Ke8 20. b3 Qd7 21. Qa6 Rc7 22. g3 Ke7 23. Rfd1 Rc5 24. b4 Rc4 25. Be2 Rc3 26. a4 Rdc8 27. a5 Qc7 28. axb6 axb6 29. Bd3 g6 30. Ra3 Rxa3 31. Qxa3 Qc3 32. Qa7+ Nd7 33. e4 d4 34. Bf1 Qxb4 35. e5 Qc5 36. Qa4 Nxe5 37. Bg2 Rd8 38. h3 Kf8 39. Kh2 Kg7 40. f4 Qc4 41. Qa7 Qe2 42. Ra1 d3 43. fxe5 d2 44. Qxb6 d1=Q 45. Rxd1 Rxd1 46. Qc6 Qxe5 0-1